 Dungeon Crawl Stone Soup version 0.30-a0-760-g5a9884bb7c (webtiles) character file.

Game seed: 124993416778352549

91 bande the Covered (level 4, -1/29 HPs)
             Began as a Gargoyle Fighter on Feb 12, 2023.
             Slain by a gnoll
             ... wielding a +0 spear
              (3 damage)
             ... on level 2 of the Dungeon.
             The game lasted 00:01:58 (1651 turns).

bande the Covered (Gargoyle Fighter)                Turns: 1651, Time: 00:01:59

Health: -1/29      AC: 10    Str: 20    XL:     4   Next: 59%
Magic:  4/4        EV:  9    Int:  8    God:
Gold:   88         SH:  4    Dex: 11    Spells: 3/3 levels left

rFire   . . .      SeeInvis .    a - +0 war axe
rCold   . . .      Faith    .    c - +0 buckler
rNeg    + + .      Spirit   .    b - +0 scale mail
rPois   ∞          Reflect  .    (no helmet)
rElec   +          Harm     .    (no cloak)
rCorr   .          Rampage  .    (no gloves)
Will    .....                    (no boots) Stlth
                                 (no amulet)
HPRegen 0.24/turn                j - ring of positive energy
MPRegen 0.09/turn                (no ring)

@: no status effects
A: sickness immunity, AC +3, negative energy resistance 1, electricity
resistance, torment resistance 1, petrification resistance
a: no special abilities


You were on level 2 of the Dungeon.
You visited 1 branch of the dungeon, and saw 2 of its levels.

You collected 88 gold pieces.

Inventory:

Hand Weapons
 a - a +0 war axe (weapon)
Armour
 b - a +0 scale mail (worn)
 c - a +0 buckler (worn)
Jewellery
 j - a ring of positive energy (left hand)
 m - an amulet of the acrobat
Scrolls
 f - 6 scrolls of identify {unknown}
 g - a scroll of noise {unknown}
 h - 2 scrolls of immolation {unknown}
 n - a scroll of magic mapping {unknown}
 o - a scroll of fear {unknown}
Potions
 d - a potion of might
 e - 6 potions of curing {unknown}
 i - a potion of resistance {unknown}
 k - a potion of flight {unknown}
 l - a potion of degeneration {unknown}
 p - 2 potions of lignification {unknown}


   Skills:
 + Level 3.9 Fighting
 + Level 2.6 Axes
 + Level 4.1 Armour
 + Level 4.0 Shields


You had 3 spell levels left.
You didn't know any spells.
Your spell library was empty.

Dungeon Overview and Level Annotations

Branches:
Dungeon (2/15)

Altars:
Vehumet


Innate Abilities, Weirdness & Mutations

You are immune to sickness and miasma.
Your stone body is resilient. (AC +3)
You are immune to poison.
You resist negative energy. (rN+)
You are resistant to electric shocks. (rElec)
You are resistant to unholy torment.
You are immune to petrification.


Message History

No target in view!
No target in view!
You now have 88 gold pieces (gained 9).
You see here 3 boomerangs.
You see here a +0 dagger.
The gnoll shouts! x2; You hear a shout!
There are monsters nearby!
There are monsters nearby!
The gnoll hits you but does no damage. The gnoll barely misses you.
You slash the gnoll!
The gnoll is severely wounded.
The gnoll hits you from afar with a +0 spear.
The gnoll closely misses you.
You hit the gnoll.
The gnoll is almost dead.
The gnoll hits you from afar with a +0 spear!
The gnoll barely misses you.
You hit the gnoll.
You kill the gnoll!
The gnoll misses you. The gnoll barely misses you.
You block the gnoll's attack. You block the gnoll's attack.
The gnoll hits you with a +0 spear.
There is an open door here.
You see here a +0 halberd.
You closely miss the gnoll. You hit the gnoll.
The gnoll hits you with a +0 halberd!
* * * LOW HITPOINT WARNING * * *
The gnoll hits you with a +0 spear!
* * * LOW HITPOINT WARNING * * *
You are too injured to fight recklessly!
You are too injured to fight recklessly!
You are too injured to fight recklessly!
You are too injured to fight recklessly!
You are too injured to fight recklessly!
You are too injured to fight recklessly!
You are too injured to fight recklessly!
You barely miss the gnoll.
The gnoll is moderately wounded.
You hit the gnoll. The gnoll hits you with a +0 spear.
You die...

###............# #.#
#..
###........|)..########
#.# #..
...########'#'###.....#
#.# #..
...########.#.###.....#
##.####..
.[.+........#..##....<#
#........
...########.##.##.....#
#.#.####. ...#
#.##.##.....# #.#......
...## #.##.##g....#
#.######. ..>.#
#.##..@g....###.# #)
....# #....##.......#.#
#. ###.#
####.##.....#.#.# #.
#.#
#.##.....#.#.######.
#.#
#.#######.........#.
#.# #.# #..#.####.#.
#.# #.# #..#.# #.#. #.#
#.# #....####.#. #.#
#.# #.#....##.#.


You could see 2 gnolls.

Vanquished Creatures
  3 gnolls
  2 worms (D:2)
  2 dart slugs (D:1)
  4 endoplasms
  3 giant cockroaches (D:1)
  6 goblins
  7 hobgoblins
  5 ball pythons
  8 bats
  3 frilled lizards
  5 kobolds
  A rat (D:1)
49 creatures vanquished.

Notes
Turn   | Place    | Note
-------+----------+-------------------------------------------
     0 | D:1      | bande the Gargoyle Fighter began the quest for the Orb.
     0 | D:1      | Reached XP level 1. HP: 14/14 MP: 1/1
    89 | D:1      | Found a faded altar of an unknown god.
   120 | D:1      | Reached XP level 2. HP: 19/19 MP: 2/2
   140 | D:1      | Reached XP level 3. HP: 18/23 MP: 3/3
   805 | D:2      | Reached XP level 4. HP: 26/29 MP: 4/4
   916 | D:2      | Found a radiant altar of Vehumet.
  1001 | D:1      | HP: 1/29 [gnoll/+0 whip (8)]
  1650 | D:2      | HP: 1/29 [gnoll/+0 spear (7)]
  1651 | D:2      | Slain by a gnoll

Illustrated notes

Levels and vault maps discovered:
D:1:      dpeg_arrival_yet_another_circle, layout_rooms,
          chequers_ecumenical_altar_simple_redux
D:2:      layout_basic, basic_altar

Skill      XL: |  1  2  3  4 |
---------------+-------------+-----
Axes           | 2 |  2.6
Armour         | 4 |  4.1
Shields        | 4 |  4.0
Fighting       | |  3.9

Action                     |  1- 3 |  4- 6 || total
---------------------------+-------+-------++-------
  Melee: War axe           |    91 |    42 ||   133
 Armour: Scale mail        |    67 |    26 ||    93
  Dodge: Dodged            |    38 |    28 ||    66
  Block: Buckler           |    26 |    16 ||    42

Table legend: (Time is in decaauts)
 A = Elapsed time spent in this place.
 B = Non-inter-level travel time spent in this place.
 C = Inter-level travel time spent in this place.
 D = Time resting spent in this place.
 E = Time spent auto-exploring this place.
 F = Levels seen in this place.
 G = Mean time per level.
                   A        B        C        D        E       F      G
               +--------+--------+--------+--------+--------+-----+--------+
         Total |   1707 |   1619 |     88 |    311 |    963 |   2 |  853.5 |
       Dungeon |   1707 |   1619 |     88 |    311 |    963 |   2 |  853.5 |
               +--------+--------+--------+--------+--------+-----+--------+

Top non-repeatable levels by time:
     D:1: 1105 daAuts
     D:2: 601 daAuts
